 Dungeon Crawl Stone Soup version 0.30.0-12-gd5a94ecb5d (webtiles) character file.

Game seed: 3618343573033781340

98 MacCMillion the Gusty (level 4, -9/24 HPs)
             Began as a Tengu Air Elementalist on May 17, 2023.
             Mangled by a black bear (11 damage)
             ... on level 4 of the Dungeon.
             The game lasted 00:05:09 (3682 turns).

MacCMillion the Gusty (Tengu Air Elementalist)      Turns: 3682, Time: 00:05:10

Health: -9/24      AC:  2    Str:  9    XL:     4   Next: 71%
Magic:  1/8        EV: 12    Int: 17    God:
Gold:   133        SH:  0    Dex: 14    Spells: 2/8 levels left

rFire   . . .        v - +0 dagger (venom)
rCold   . . .        (no shield)
rNeg    . . .        a - +0 robe
rPois   .            (helmet restricted)
rElec   .            (no cloak)
rCorr   .            (no gloves)
SInv    .            (boots unavailable)
Will    .....        (no amulet)
Stlth   ++           (no ring)
HPRegen 0.24/turn    (no ring)
MPRegen 0.11/turn

%: no passive effects
@: no status effects
A: beak, talons 3
a: no special abilities


You were on level 4 of the Dungeon.
You visited 1 branch of the dungeon, and saw 4 of its levels.

You collected 133 gold pieces.

Inventory:

Hand Weapons
 v - a +0 dagger of venom (weapon)
Armour
 a - a +0 robe (worn)
 s - a +0 kite shield
Jewellery
 l - a ring of magical power
 n - an amulet of the acrobat
Scrolls
 d - 3 scrolls of teleportation {unknown}
 e - a scroll of magic mapping {unknown}
 k - a scroll of poison {unknown}
 m - 3 scrolls of identify {unknown}
 r - 2 scrolls of noise {unknown}
 t - a scroll of enchant armour {unknown}
Potions
 b - a potion of magic
 c - 2 potions of attraction {unknown}
 f - 2 potions of invisibility {unknown}
 g - 3 potions of might {unknown}
 h - a potion of brilliance {unknown}
 i - a potion of degeneration {unknown}
 j - a potion of heal wounds {unknown}
 o - a potion of cancellation {unknown}
 p - 3 potions of curing {unknown}
 q - a potion of lignification {unknown}
 u - a potion of haste {unknown}


   Skills:
 - Level 2.1 Dodging
 - Level 2.0 Stealth
 + Level 2.6 Spellcasting
 - Level 3.0 Conjurations
 + Level 5.9 Air Magic


You had 2 spell levels left.
You knew the following spells:

 Your Spells              Type           Power      Damage    Failure   Level
a - Shock                 Conj/Air       68%        1d7       3%          1
b - Static Discharge      Conj/Air       34%        2-4/arc   4%          2
c - Swiftness             Air            22%        N/A       4%          3

Your spell library contained the following spells:

 Spells                   Type           Power      Damage    Failure   Level
 Poisonous Vapours        Pois/Air       24%        N/A       9%          2
 Kiss of Death            Conj/Necr      28%        2d7       10%         1
 Necrotise                Necr           8%         1d4       19%         1
 Sting                    Tmut/Pois      8%         1d3       19%         1
 Sublimation of Blood     Necr           2%         N/A       28%         2
 Wereblood                Tmut           2%         N/A       28%         2
 Airstrike                Air            11%        2d(2-18)  16%         4
 Confusing Touch          Hex            2%         N/A       50%         3
 Vampiric Draining        Necr           2%         2d6       50%         3
 Dispel Undead            Necr           2%         3d7       88%         4
 Olgreb's Toxic Radiance  Pois           2%         N/A       88%         4
 Agony                    Necr           2%         N/A       99%         5
 Summon Hydra             Summ           1%         N/A       100%        7


Dungeon Overview and Level Annotations

Branches:
Dungeon (4/15)
 Temple: D:4-7

Altars:
Ashenzari
Xom

Shops:
D:2 [


Innate Abilities, Weirdness & Mutations

You have a beak for a mouth.
You have claws for feet.


Message History

A kobold comes into view. It is wielding a +0 short sword.
A black bear comes into view.
There are monsters nearby!
There is an open door here.
You start waiting.
A black bear is nearby!
The zap hits the black bear.
The black bear is moderately wounded.
The black bear growls angrily.
The zap hits the black bear.
The black bear is moderately wounded.
The zap hits the black bear.
The black bear is heavily wounded.
The zap hits the black bear.
The black bear is heavily wounded.
The zap hits the black bear.
The black bear is severely wounded.
The zap hits the black bear.
The black bear is almost dead.
The black bear goes berserk!
Casting: Shock (safe; 3% risk of failure)
Confirm with . or Enter, or press ? or * to list all spells.
The black bear is struck by an arc of lightning.
The black bear is almost dead.
You are struck by an arc of lightning.
The lightning grounds out.
The black bear bites you. The black bear closely misses you.
The black bear barely misses you. The black bear barely misses you.
The black bear claws you. x2
You hear a shout!
You hit the black bear but do no damage.
The black bear is poisoned.
Your kick misses the black bear.
The black bear is almost dead.
The black bear misses you. The black bear claws you. x2
* * * LOW HITPOINT WARNING * * *
The black bear barely misses you. The black bear closely misses you.
The black bear claws you.
* * * LOW HITPOINT WARNING * * *
The black bear attacks as you move away!
The black bear bites you!
You die...

##### ####### #...########
#.....# #...##......
#.....#############...##......
#.>.................)..#......
#............@h........'......
##.....#.#.#########....#......
#.#....#...# ####.#......
#.#.####.### #.#......
#..(#....# #........
#.#.##.########### ###..h...
#.#..#.###........ ##†....
#.#......'........ .....
#.#..#.###........ .o


You could see a black bear (berserk, very poisoned).

Vanquished Creatures
  3 adders
  A worm (D:2)
  A dart slug (D:1)
  An orc (D:4)
  4 ball pythons
  10 endoplasms
  3 giant cockroaches
  9 goblins
  7 hobgoblins
  2 kobolds (D:1)
  4 quokkas
  5 bats
  3 frilled lizards
  5 rats
58 creatures vanquished.

Notes
Turn   | Place    | Note
-------+----------+-------------------------------------------
     0 | D:1      | MacCMillion the Tengu Air Elementalist began the quest for
                  | the Orb.
     0 | D:1      | Reached XP level 1. HP: 10/10 MP: 4/4
   200 | D:1      | Reached XP level 2. HP: 15/15 MP: 0/6
   872 | D:1      | Reached XP level 3. HP: 19/19 MP: 2/7
  1293 | D:2      | Reached skill level 5 in Air Magic
  1503 | D:2      | Found a shimmering altar of Xom.
  1553 | D:2      | Identified the +7 ring mail of Hairiness {rF+ Str+2}
  1597 | D:2      | Found Porugema's Armour Emporium.
  1745 | D:2      | Learned a level 2 spell: Static Discharge
  1749 | D:2      | Learned a level 3 spell: Swiftness
  1994 | D:2      | Found a faded altar of an unknown god.
  2095 | D:2      | Reached XP level 4. HP: 24/24 MP: 3/8
  2930 | D:3      | Found a broken altar of Ashenzari.
  3579 | D:4      | Noticed a black bear
  3682 | D:4      | Mangled by a black bear

Illustrated notes

Levels and vault maps discovered:
D:1:      scummos_arrival_simple_crosswalls, layout_basic, minmay_distorted
D:2:      layout_loops_ring, serial_shops, shop, basic_altar,
          ebering_ecumenical_altar_rust
D:3:      layout_basic, nicolae_ashenzari_skybound
D:4:      layout_basic, minmay_liquid_box, serial_park_tiny_pond

Skill      XL: |  1  2  3 |
---------------+----------+-----
Conjurations   | 2 3 |  3.0
Air Magic      | 5 |  5.9
Dodging        | |  2.1
Stealth        | |  2.0
Spellcasting   | |  2.6

Action                     |  1- 3 |  4- 6 || total
---------------------------+-------+-------++-------
  Melee: Dagger            |       |     1 ||     1
   Cast: Shock             |   101 |    34 ||   135
         Static Discharge  |       |     5 ||     5
 Armour: Robe              |     3 |       ||     3
  Dodge: Dodged            |    13 |     7 ||    20
